 Dungeon Crawl Stone Soup version 0.19.5 (webtiles) character file.

93 Jerry the Covered (level 4, -3/40 HPs)
             Began as a Minotaur Fighter on Apr 27, 2017.
             Slain by Grinder (6 damage)
             ... on level 3 of the Dungeon.
             The game lasted 00:03:37 (2240 turns).

Jerry the Covered (Minotaur Fighter)                Turns: 2240, Time: 00:03:37

Health: -3/40      AC:  7    Str: 25    XL:     4   Next: 37%
Magic:  3/3        EV: 10    Int:  5    God:
Gold:   96         SH:  0    Dex: 11    Spells: 0 memorised, 3 levels left

rFire  . . .     SeeInvis .     a - +0 long sword
rCold  . . .     Gourm    .     b - +0 scale mail
rNeg   . . .     Faith    .     (no shield)
rPois  .         Spirit   .     (helmet restricted)
rElec  .         Reflect  .     (no cloak)
rCorr  +         Harm     .     (no gloves)
MR     .....                    (no boots)
Stlth  ..........               (no amulet)
                                (no ring)
                                m - ring of resist corrosion

@: mighty
A: retaliatory headbutt, horns 2
a: no special abilities


You were on level 3 of the Dungeon.
You were not hungry.

You visited 1 branch of the dungeon, and saw 3 of its levels.

You collected 96 gold pieces.

Inventory:

Hand Weapons
 a - a +0 long sword (weapon)
Armour
 b - a +0 scale mail (worn)
 e - a +0 buckler
Jewellery
 m - a ring of resist corrosion (left hand)
 u - an uncursed amulet of magic regeneration {unknown}
Scrolls
 k - a scroll of amnesia {unknown}
 n - a scroll of magic mapping {unknown}
 p - 2 scrolls of teleportation {unknown}
 q - 2 scrolls of fear {unknown}
 r - a scroll of remove curse {unknown}
 s - a scroll of identify {unknown}
Potions
 h - 2 potions of haste {unknown}
 i - a potion of magic {unknown}
 j - a potion of invisibility {unknown}
 l - a potion of berserk rage {unknown}
 o - a potion of degeneration {unknown}
 v - a potion of curing {unknown}
Comestibles
 c - 2 royal jellies
 f - 3 bread rations
 g - 2 beef jerkies
 t - a meat ration
 w - 3 chunks of flesh


   Skills:
 + Level 4.1 Fighting
 * Level 4.0 Long Blades
 + Level 4.4 Armour
 + Level 4.2 Shields


You had 3 spell levels left.
You didn't know any spells.

Dungeon Overview and Level Annotations

Branches:
Dungeon (3/15)

Altars:

Annotations:
D:3 1 runed door, Grinder


Innate Abilities, Weirdness & Mutations

You reflexively headbutt those who attack you in melee.
You have a pair of horns on your head.


Message History

Grinder gestures at you. Pain shoots through your body!
You are too injured to fight recklessly!
You are too injured to fight recklessly!
Your scale mail prevents you from hitting Grinder.
Grinder is heavily wounded.
Grinder hits you but does no damage. Grinder hits you.
* * * LOW HITPOINT WARNING * * *
You feel very mighty all of a sudden. Grinder hits you but does no damage.
Your scale mail prevents you from hitting Grinder.
Grinder is heavily wounded.
Grinder hits you.
* * * LOW HITPOINT WARNING * * *
You closely miss Grinder. Your headbutt misses Grinder.
Grinder is heavily wounded.
Grinder hits you.
* * * LOW HITPOINT WARNING * * *
You writhe in agony.
You die...

#. #.# # #.#####.#
#.#.....#..
#...5...... #.#@#
######.#.# #........#
#.####.#########
#######.####..........
.......>......########
#######.####..# #.#
#...<. #)# #.#####


You could see Grinder.

Vanquished Creatures
  Jessica (D:3)
  2 adders (D:3)
  A worm (D:2)
  A dart slug (D:3)
  An orc (D:3)
  2 bats
  12 giant cockroaches
  A goblin (D:3)
  6 hobgoblins
  4 jackals (D:2)
  A frilled lizard (D:1)
  3 kobolds
  4 rats
39 creatures vanquished.

Notes
Turn   | Place    | Note
-------+----------+-------------------------------------------
     0 | D:1      | Jerry the Minotaur Fighter began the quest for the Orb.
     0 | D:1      | Reached XP level 1. HP: 19/19 MP: 0/0
   772 | D:2      | Reached XP level 2. HP: 27/27 MP: 1/1
  1181 | D:2      | Reached XP level 3. HP: 24/33 MP: 2/2
  1966 | D:3      | Found a runed door.
  2023 | D:3      | Found a faded altar of an unknown god.
  2029 | D:3      | Noticed Jessica
  2033 | D:3      | Killed Jessica
  2033 | D:3      | Reached XP level 4. HP: 40/40 MP: 3/3
  2230 | D:3      | Noticed Grinder
  2240 | D:3      | Slain by Grinder

Skill      XL: |  1  2  3  4 |
---------------+-------------+-----
Armour         | 4 |  4.4
Long Blades    | 3 4 |  4.0
Fighting       | 4 |  4.1
Shields        | 4 |  4.2

Action                   |  1- 3 |  4- 6 || total
-------------------------+-------+-------++-------
Melee: Long sword        |    74 |    13 ||    87
       Headbutt          |    12 |     3 ||    15
  Use: Potion            |       |     1 ||     1
  Eat: Chunk             |     3 |     1 ||     4
Armor: Scale mail        |    42 |    10 ||    52
Dodge: Dodged            |    50 |     3 ||    53
       Rpst.: Long sword |    14 |       ||    14
